ITL
HAVANA ROLLERS @ DETROIT X-WINGS
08/20/2029
 
TOP OF THE 1ST
Havana Rollers batting - Pitching for Detroit X-Wings : RHP Brian Smith
Pitching: RHP Brian Smith
Batting: LHB José Torres 0-0: SINGLE (Line Drive, 34)
Batting: RHB Soshu Nakamura 0-0: Ball
Passed Ball!
José Torres to second
1-0: Ball
2-0: Fly out, F8 (Line Drive, 8LM)
Batting: LHB Dusty Wilson 0-0: Foul Ball, location: 2F
0-1: Foul Ball, location: 2F
0-2: Foul Ball, location: 2F
0-2: Foul Ball, location: 2F
0-2: Ball
1-2: Foul Ball, location: 2F
1-2: Fly out, F9 (Flyball, 9)
Batting: RHB Brant Sherman 0-0: Ball
1-0: Ball
2-0: Ball
3-0: Base on Balls
Batting: SHB Yasuhiro Ikarashi 0-0: Called Strike
0-1: Foul Ball, location: 2F
0-2: Ball
1-2: Fly out, F8 (Flyball, 8RM)
Top of the 1st over - 0 runs, 1 hit, 0 errors, 2 left on base; Havana 0 - Detroit 0
BOTTOM OF THE 1ST
Detroit X-Wings batting - Pitching for Havana Rollers : RHP Matt Hoffman
Pitching: RHP Matt Hoffman
Batting: RHB Donato Gozende 0-0: Ball
1-0: Ball
2-0: Ball
3-0: Called Strike
3-1: Base on Balls
Batting: RHB Enrique Aguilar 0-0: SINGLE (Flyball, 7LS)
Donato Gozende to second
Batting: SHB Javier Jiménez 0-0: Swinging Strike
0-1: 3-RUN HOME RUN (Flyball, 9LD), Distance : 368 ft
Batting: SHB Barrett Bowden 0-0: Ball
1-0: SINGLE (Groundball, 3D)
Batting: RHB Chet Decker 0-0: Called Strike
0-1: Ball
1-1: Ball
2-1: Ball
3-1: Ground out 5-3 (Groundball, 56S)
Barrett Bowden to second
Batting: RHB José Pérez 0-0: Ball
1-0: Ball
2-0: Foul Ball, location: 2F
2-1: Swinging Strike
2-2: Foul Ball, location: 2F
2-2: Ground out 6-3 (Groundball, 6)
Barrett Bowden to third
Batting: SHB Felipe Detorres 0-0: Called Strike
0-1: SINGLE (Groundball, 23) (infield hit)
Barrett Bowden scores
Batting: RHB Raúl Flores 0-0: Ball
1-0: Called Strike
1-1: Ball
2-1: Called Strike
2-2: Strikes out swinging
Bottom of the 1st over - 4 runs, 4 hits, 0 errors, 1 left on base; Havana 0 - Detroit 4
TOP OF THE 2ND
Havana Rollers batting - Pitching for Detroit X-Wings : RHP Brian Smith
Batting: RHB Tommy Davenport 0-0: Ball
1-0: Called Strike
1-1: Ball
2-1: Ball
3-1: Base on Balls
Batting: LHB Shiro Ueno 0-0: Called Strike
0-1: Fly out, F8 (Flyball, 8RM)
Batting: RHB Mitsuharu Matsumoto 0-0: Foul Ball, location: 2F
0-1: SINGLE (Flyball, 8LS)
Tommy Davenport to second
Runner from 2nd tries for 3rd, SAFE, no throw
Batting: RHB Chad Case 0-0: Foul Ball, location: 2F
0-1: Swinging Strike
0-2: Ball
1-2: Foul Ball, location: 2F
1-2: Ground out U3 (Groundball, 3S)
Tommy Davenport scores
Mitsuharu Matsumoto to second
Batting: LHB José Torres 0-0: Ground out 4-3 (Groundball, 34D)
Top of the 2nd over - 1 run, 1 hit, 0 errors, 1 left on base; Havana 1 - Detroit 4
BOTTOM OF THE 2ND
Detroit X-Wings batting - Pitching for Havana Rollers : RHP Matt Hoffman
Batting: RHB Oliver Acevedo 0-0: Called Strike
0-1: Ball
1-1: Ground out 4-3 (Groundball, 4)
Batting: RHB Donato Gozende 0-0: Ball
1-0: Ball
2-0: Swinging Strike
2-1: Foul Ball, location: 2F
2-2: DOUBLE (Line Drive, 78XD)
Batting: RHB Enrique Aguilar 0-0: Ball
1-0: Ground out 6-3 (Groundball, 6)
Donato Gozende to third
Batting: SHB Javier Jiménez 0-0: Called Strike
0-1: Ball
1-1: Foul Ball, location: 2F
1-2: SINGLE (Groundball, 4D)
Donato Gozende scores
Batting: SHB Barrett Bowden 0-0: Called Strike
0-1: Fly out, F8 (Flyball, 8RS)
Bottom of the 2nd over - 1 run, 2 hits, 0 errors, 1 left on base; Havana 1 - Detroit 5
TOP OF THE 3RD
Havana Rollers batting - Pitching for Detroit X-Wings : RHP Brian Smith
Batting: RHB Soshu Nakamura 0-0: Swinging Strike
0-1: Ball
1-1: Called Strike
1-2: Strikes out looking
Batting: LHB Dusty Wilson 0-0: Called Strike
0-1: Ball
1-1: Called Strike
1-2: Ball
2-2: Foul Ball, location: 2F
2-2: Ball
3-2: Base on Balls
Batting: RHB Brant Sherman 0-0: Called Strike
0-1: Ball
1-1: Ball
2-1: Ball
Throwing error on steal attempt, E2
Dusty Wilson to third
3-1: Foul Ball, location: 2F
3-2: Foul Ball, location: 2F
3-2: Base on Balls
Batting: SHB Yasuhiro Ikarashi 0-0: Called Strike
0-1: Ball
1-1: Ball
2-1: SINGLE (Line Drive, 89S)
Dusty Wilson scores
Brant Sherman to second
Batting: RHB Tommy Davenport 0-0: Ball
Brant Sherman steals 3rd base
Yasuhiro Ikarashi to second
1-0: Fly out, F8 (Flyball, 8RD)
Runner from 3rd tags up, SCORES, throw made
Batting: LHB Shiro Ueno 0-0: Foul Ball, location: 2F
0-1: Fly out, F8 (Flyball, 89D)
Top of the 3rd over - 2 runs, 1 hit, 1 error, 1 left on base; Havana 3 - Detroit 5
BOTTOM OF THE 3RD
Detroit X-Wings batting - Pitching for Havana Rollers : RHP Matt Hoffman
Batting: RHB Chet Decker 0-0: Ground out 5-3 (Groundball, 5)
Batting: RHB José Pérez 0-0: Called Strike
0-1: Ground out 6-3 (Groundball, 6)
Batting: SHB Felipe Detorres 0-0: Swinging Strike
0-1: Ball
1-1: Called Strike
1-2: Ball
2-2: Strikes out looking
Bottom of the 3rd over - 0 runs, 0 hits, 0 errors, 0 left on base; Havana 3 - Detroit 5
TOP OF THE 4TH
Havana Rollers batting - Pitching for Detroit X-Wings : RHP Brian Smith
Batting: RHB Mitsuharu Matsumoto 0-0: Fly out, F6 (Popup, 56)
Batting: RHB Chad Case 0-0: Ball
1-0: Ball
2-0: Ball
3-0: Base on Balls
Batting: LHB José Torres 0-0: Ball
1-0: Ball
2-0: TRIPLE (Flyball, 8LXD)
Chad Case scores
Batting: RHB Soshu Nakamura 0-0: Ball
1-0: TRIPLE (Line Drive, 8RXD)
José Torres scores
Batting: LHB Dusty Wilson 0-0: Ball
1-0: Ball
2-0: Called Strike
2-1: DOUBLE (Line Drive, 9LD)
Soshu Nakamura scores
Batting: RHB Brant Sherman 0-0: Ball
1-0: Ball
2-0: Foul Ball, location: 2F
2-1: Ball
3-1: Base on Balls
Batting: SHB Yasuhiro Ikarashi Balk!
Dusty Wilson to third
Brant Sherman to second
0-0: Ball
1-0: Swinging Strike
1-1: Ball
2-1: Foul Ball, location: 2F
2-2: Strikes out looking
Batting: RHB Tommy Davenport 0-0: Ball
1-0: Called Strike
1-1: Fly out, F6 (Popup, 6M)
Top of the 4th over - 3 runs, 3 hits, 0 errors, 2 left on base; Havana 6 - Detroit 5
BOTTOM OF THE 4TH
Detroit X-Wings batting - Pitching for Havana Rollers : RHP Matt Hoffman
Batting: RHB Raúl Flores 0-0: Ball
1-0: Ball
2-0: SINGLE (Line Drive, 9S)
Batting: RHB Oliver Acevedo 0-0: Fielders Choice at 2nd, 5-4 (Groundball, 56)
Batting: RHB Donato Gozende 0-0: Ball
1-0: Called Strike
1-1: Called Strike
1-2: Ball
2-2: Foul Ball, location: 2F
2-2: Foul Ball, location: 2F
2-2: Strikes out swinging
Oliver Acevedo steals 2nd base
Batter strikes out.
Batting: RHB Enrique Aguilar 0-0: Fly out, F6 (Flyball, 56D)
Bottom of the 4th over - 0 runs, 1 hit, 0 errors, 1 left on base; Havana 6 - Detroit 5
TOP OF THE 5TH
Havana Rollers batting - Pitching for Detroit X-Wings : RHP Brian Smith
Batting: LHB Shiro Ueno 0-0: Foul Ball, location: 2F
0-1: SINGLE (Groundball, 34D)
Batting: RHB Mitsuharu Matsumoto 0-0: SINGLE (Line Drive, 4MD)
Shiro Ueno to second
Batting: RHB Chad Case 0-0: Swinging Strike
0-1: Called Strike
0-2: Strikes out swinging
Batting: LHB José Torres 0-0: Swinging Strike
0-1: Foul Ball, location: 2F
0-2: SINGLE (Line Drive, 9LS)
Shiro Ueno to third
Mitsuharu Matsumoto to second
Batting: RHB Soshu Nakamura 0-0: Ball
1-0: SINGLE (Line Drive, 9S)
Shiro Ueno scores
Mitsuharu Matsumoto to third
José Torres to second
Pitching: RHP Ralph Bascombe
Batting: LHB Dusty Wilson 0-0: Called Strike
0-1: Called Strike
0-2: Ball
1-2: Ball
2-2: Foul Ball, location: 2F
2-2: Strikes out swinging
Batting: RHB Brant Sherman 0-0: Ball
1-0: Called Strike
1-1: Fly out, F9 (Line Drive, 9D)
Top of the 5th over - 1 run, 4 hits, 0 errors, 3 left on base; Havana 7 - Detroit 5
BOTTOM OF THE 5TH
Detroit X-Wings batting - Pitching for Havana Rollers : RHP Matt Hoffman
Batting: SHB Javier Jiménez 0-0: Foul Ball, location: 2F
0-1: Swinging Strike
0-2: Ground out 1-3 (Groundball, 15S)
Batting: SHB Barrett Bowden 0-0: Called Strike
0-1: Ball
1-1: SOLO HOME RUN (Line Drive, 89XD), Distance : 413 ft
Batting: RHB Chet Decker 0-0: Ball
1-0: Swinging Strike
1-1: Ball
2-1: Ball
3-1: Fly out, F8 (Line Drive, 8RM)
Batting: RHB José Pérez 0-0: Ball
1-0: Foul Ball, location: 2F
1-1: Swinging Strike
1-2: Ball
2-2: Fly out, F8 (Flyball, 8LM)
Bottom of the 5th over - 1 run, 1 hit, 0 errors, 0 left on base; Havana 7 - Detroit 6
TOP OF THE 6TH
Havana Rollers batting - Pitching for Detroit X-Wings : RHP Ralph Bascombe
Batting: SHB Yasuhiro Ikarashi 0-0: Called Strike
0-1: Foul Ball, location: 2F
0-2: Foul Ball, location: 2F
0-2: Ball
1-2: Ball
2-2: Fly out, F8 (Flyball, 8LM)
Batting: RHB Tommy Davenport 0-0: SINGLE (Groundball, 4MD)
Batting: LHB Shiro Ueno 0-0: Ball
1-0: Called Strike
1-1: Foul Ball, location: 2F
1-2: Ball
2-2: 2-RUN HOME RUN (Line Drive, 9LD), Distance : 343 ft
Batting: RHB Mitsuharu Matsumoto 0-0: Called Strike
0-1: Ball
1-1: Swinging Strike
1-2: Foul Ball, location: 2F
1-2: Foul Ball, location: 2F
1-2: Strikes out swinging
Pitching: RHP Domingo Rodríguez
Batting: RHB Chad Case 0-0: Foul Ball, location: 2F
0-1: Fly out, F7 (Flyball, 7D)
Top of the 6th over - 2 runs, 2 hits, 0 errors, 0 left on base; Havana 9 - Detroit 6
BOTTOM OF THE 6TH
Detroit X-Wings batting - Pitching for Havana Rollers : RHP Matt Hoffman
Pitching: RHP Kel Meyer
Batting: SHB Felipe Detorres 0-0: Fly out, F8 (Flyball, 8RD)
Batting: RHB Raúl Flores 0-0: Ball
1-0: Called Strike
1-1: Foul Ball, location: 2F
1-2: Ball
2-2: Ball
3-2: Base on Balls
Batting: RHB Oliver Acevedo 0-0: Called Strike
0-1: 2-RUN HOME RUN (Flyball, 9LD), Distance : 344 ft
Pitching: LHP Nick Clayton
Batting: RHB Donato Gozende 0-0: Fly out, F9 (Flyball, 89M)
Batting: RHB Enrique Aguilar 0-0: Swinging Strike
0-1: Foul Ball, location: 2F
0-2: Ball
1-2: Foul Ball, location: 2F
1-2: Ball
2-2: Ball
3-2: Base on Balls
Batting: SHB Javier Jiménez 0-0: Ball
1-0: Fly out, F8 (Flyball, 78D)
Bottom of the 6th over - 2 runs, 1 hit, 0 errors, 1 left on base; Havana 9 - Detroit 8
TOP OF THE 7TH
Havana Rollers batting - Pitching for Detroit X-Wings : RHP Domingo Rodríguez
Batting: LHB José Torres 0-0: Ball
1-0: Ball
2-0: Foul Ball, location: 2F
2-1: Ball
3-1: Base on Balls
Batting: RHB Soshu Nakamura 0-0: Ball
1-0: Sac Bunt - play at second, runner OUT! 1-6
Batting: LHB Dusty Wilson 0-0: Called Strike
0-1: Ball
1-1: Ball
2-1: Ground out 6-3 (Groundball, 6S)
Soshu Nakamura to second
Batting: RHB Brant Sherman 0-0: Called Strike
0-1: Ball
1-1: Ball
2-1: Foul Ball, location: 2F
2-2: Ball
3-2: Foul Ball, location: 2F
3-2: Foul Ball, location: 2F
3-2: Fly out, F9 (Flyball, 9D)
Top of the 7th over - 0 runs, 0 hits, 0 errors, 1 left on base; Havana 9 - Detroit 8
BOTTOM OF THE 7TH
Detroit X-Wings batting - Pitching for Havana Rollers : LHP Nick Clayton
Batting: SHB Barrett Bowden 0-0: Ball
1-0: SOLO HOME RUN (Flyball, 78XD), Distance : 418 ft
Batting: RHB Chet Decker 0-0: Ball
1-0: Called Strike
1-1: Foul Ball, location: 2F
1-2: Ball
2-2: Strikes out swinging
Batting: RHB José Pérez 0-0: Swinging Strike
0-1: SINGLE (Groundball, 4S) (infield hit)
Batting: SHB Felipe Detorres 0-0: Called Strike
José Pérez steals 2nd base
0-1: Called Strike
0-2: Strikes out looking
Batting: RHB Raúl Flores 0-0: Fly out, F7 (Flyball, 7)
Bottom of the 7th over - 1 run, 2 hits, 0 errors, 1 left on base; Havana 9 - Detroit 9
TOP OF THE 8TH
Havana Rollers batting - Pitching for Detroit X-Wings : RHP Domingo Rodríguez
Batting: SHB Yasuhiro Ikarashi 0-0: Ball
1-0: Called Strike
1-1: Called Strike
1-2: Foul Ball, location: 2F
1-2: Foul Ball, location: 2F
1-2: Ground out 4-3 (Groundball, 4)
Pinch Hitting: LHB Enrique Cortéz 0-0: Called Strike
0-1: Ball
1-1: Foul Ball, location: 2F
1-2: Ball
2-2: Ball
3-2: Fly out, F9 (Flyball, 9)
Batting: LHB Shiro Ueno 0-0: Fly out, F8 (Flyball, 8LXD)
Top of the 8th over - 0 runs, 0 hits, 0 errors, 0 left on base; Havana 9 - Detroit 9
BOTTOM OF THE 8TH
Detroit X-Wings batting - Pitching for Havana Rollers : LHP Nick Clayton
Now in LF: Enrique Cortéz
Batting: RHB Oliver Acevedo 0-0: Ball
1-0: Ball
2-0: Reached on error, E4 (Groundball, 4)
Batting: RHB Donato Gozende 0-0: Ball
1-0: Ball
2-0: Fly out, F8 (Flyball, 89M)
Batting: RHB Enrique Aguilar 0-0: Ball
1-0: Foul Ball, location: 2F
1-1: SINGLE (Line Drive, 8LS)
Oliver Acevedo to second
Batting: SHB Javier Jiménez 0-0: Called Strike
0-1: Ball
1-1: Ball
2-1: Ball
3-1: Foul Ball, location: 2F
3-2: Foul Ball, location: 2F
3-2: Base on Balls
Oliver Acevedo to third
Enrique Aguilar to second
Pinch Hitting: RHB Gary Witt 0-0: Ball
1-0: Foul Ball, location: 2F
1-1: Ball
2-1: Foul Ball, location: 2F
2-2: Foul Ball, location: 2F
2-2: Hit by Pitch
Oliver Acevedo scores
Enrique Aguilar to third
Javier Jiménez to second
Pitching: LHP Mike Doss
Batting: RHB Chet Decker 0-0: Ball
1-0: Called Strike
1-1: Foul Ball, location: 2F
1-2: DOUBLE (Groundball, 5L)
Enrique Aguilar scores
Javier Jiménez scores
Gary Witt to third
Pinch Runner at 2nd Carlos Aguirre:
Batting: RHB José Pérez 0-0: Ball
1-0: TRIPLE (Flyball, 8LXD)
Gary Witt scores
Carlos Aguirre scores
Batting: SHB Felipe Detorres 0-0: Foul Ball, location: 2F
0-1: Swinging Strike
0-2: Ball
1-2: Fly out, F2 (Popup, 2LF)
Batting: RHB Raúl Flores 0-0: Ball
1-0: Ball
Steal of home, José Pérez is out
Bottom of the 8th over - 5 runs, 3 hits, 1 error, 0 left on base; Havana 9 - Detroit 14
TOP OF THE 9TH
Havana Rollers batting - Pitching for Detroit X-Wings : RHP Domingo Rodríguez
Now at C: Carlos Aguirre
Now at 2B: Domingo Ávila
Now at SS: Yoshitsune Kamida
Batting: RHB Mitsuharu Matsumoto 0-0: Called Strike
0-1: Called Strike
0-2: Ball
1-2: Strikes out swinging
Batting: RHB Chad Case 0-0: Called Strike
0-1: Swinging Strike
0-2: Foul Ball, location: 2F
0-2: Strikes out swinging
Batting: LHB José Torres 0-0: Ball
1-0: Foul Ball, location: 2F
1-1: Called Strike
1-2: Foul Ball, location: 2F
1-2: Foul Ball, location: 2F
1-2: Fly out, F6 (Popup, 6M)
Top of the 9th over - 0 runs, 0 hits, 0 errors, 0 left on base; Havana 9 - Detroit 14
Saturday, December 16th, 2017 - OOTP Baseball 18.8 Build 76